[Event "Titled Tuesday Blitz April 4 Early 2023"]
[White "Kollars, Dmitrij"]
[Black "Papasimakopoulos, Alexandros"]
[WhiteFideId "12909572"]
[BlackFideId "4244125"]
[WhiteElo "2584"]
[BlackElo "2359"]
[Result "1-0"]
[Round "10"]
[TimeControl "180+2"]
[Date "2023.04.04"]
[WhiteClock "0:00:51"]
[BlackClock "0:00:01"]

1. e4 e6 2. d4 d5 3. Nc3 Bb4 4. Ne2 Nc6 5. a3 Ba5 6. b4 Bb6 7. e5 Nge7 8. Na4 O-O 9. Be3 Nf5 10. c3 f6 11. exf6 Nxe3 12. fxe3 Qxf6 13. Nf4 e5 14. Nxb6 exf4 15. Nxa8 fxe3 16. Qf3 Qg5 17. Qg3 Qf6 18. Qxe3 Bd7 19. Nxc7 Qd6 20. Nb5 Qg6 21. O-O-O a6 22. Nc7 Qd6 23. Qg3 Qh6+ 24. Kb2 Ne7 25. Bd3 Bf5 26. Rhf1 Bxd3 27. Rxf8+ Kxf8 28. Rxd3 Qc6 29. Rf3+ Kg8 30. Qf4 h6 31. Qf7+ Kh8 32. Ne6 Nf5 33. Rxf5 Qc4 34. Qxg7# 1-0


[Site "https://www.chess.com"]

[Event "Titled Tuesday Blitz April 4 Early 2023"]
[White "Moroni, Luca Jr"]
[Black "Kozak, Antoni"]
[WhiteFideId "865834"]
[BlackFideId "21832030"]
[WhiteElo "2569"]
[BlackElo "2470"]
[Result "1-0"]
[Round "10"]
[TimeControl "180+2"]
[Date "2023.04.04"]
[WhiteClock "0:00:03"]
[BlackClock "0:00:06"]

1. d4 d5 2. c4 e6 3. Nc3 Nf6 4. cxd5 exd5 5. Bg5 c6 6. e3 Be6 7. Bd3 Nbd7 8. f3 Be7 9. Nge2 Nh5 10. Bxe7 Qxe7 11. Qd2 O-O 12. O-O f5 13. Rab1 a5 14. Rbe1 Nb6 15. e4 dxe4 16. fxe4 fxe4 17. Nxe4 Bf5 18. N2g3 Bxe4 19. Nxe4 Rxf1+ 20. Rxf1 Rf8 21. Rxf8+ Kxf8 22. Qxa5 Nd5 23. Qa8+ Kf7 24. g3 Nb4 25. Bb1 Ke6 26. Qc8+ Kf7 27. g4 Qh4 28. Qxb7+ Ke8 29. Qc8+ Ke7 30. Qc7+ Kf8 31. Qd6+ Ke8 32. Qe6+ Kd8 33. gxh5 Qe1+ 34. Kg2 Qxb1 35. Nc5 Qxb2+ 36. Kf3 Qc3+ 37. Qe3 Nxa2 38. Ne6+ Ke7 39. Nxg7+ Kf6 40. Ne8+ Kf7 41. Nd6+ Kf8 42. Kf4 Qxe3+ 43. Kxe3 Nc3 44. Kd3 Nd5 45. Kc4 Ke7 46. Kc5 Kd7 47. Nc4 Ne7 48. Ne5+ Kc7 49. h3 h6 50. Nf7 Nf5 51. Ne5 Ne7 52. Nd3 Ng8 53. Nf4 Nf6 54. Ne6+ Kd7 55. Nf4 Ne4+ 56. Kc4 Nd6+ 57. Kd3 Ke7 58. Ng6+ Kf6 59. Ne5 c5 60. Nd7+ Kg5 61. dxc5 Ne8 62. Kd4 Kxh5 63. c6 Kh4 64. Nf6 Nc7 65. Nd5 Ne8 66. Ke5 Kxh3 67. Ke6 Ng7+ 68. Kf6 Nf5 69. Kxf5 1-0


[Site "https://www.chess.com"]

[Event "Titled Tuesday Blitz April 4 Early 2023"]
[White "Gharibyan, Mamikon"]
[Black "Antal, Gergely"]
[WhiteFideId "13308300"]
[BlackFideId "717312"]
[WhiteElo "2445"]
[BlackElo "2471"]
[Result "1/2-1/2"]
[Round "10"]
[TimeControl "180+2"]
[Date "2023.04.04"]
[WhiteClock "0:00:12"]
[BlackClock "0:00:09"]

1. Nf3 c5 2. g3 Nc6 3. Bg2 g6 4. O-O Bg7 5. c4 Nh6 6. Nc3 Nf5 7. a3 O-O 8. Qa4 Nfd4 9. Nxd4 cxd4 10. Nd5 e6 11. Nb4 Nxb4 12. axb4 d5 13. b3 d3 14. exd3 Bxa1 15. Qxa1 d4 16. f4 f6 17. b5 e5 18. Bd5+ Kg7 19. Ba3 Re8 20. fxe5 Rxe5 21. Bg2 Bf5 22. h4 Bxd3 23. Rf4 Qe8 24. Qxd4 Rd8 25. Bd6 Re6 26. c5 Bxb5 27. Bxb7 Bc6 28. Bxc6 Qxc6 29. Kh2 a5 30. h5 Rexd6 31. cxd6 Rxd6 32. Qf2 Qb6 33. Qxb6 Rxb6 34. hxg6 hxg6 35. Ra4 Rxb3 36. Rxa5 Rd3 37. Ra2 g5 38. Kg2 f5 39. Ra5 Kf6 40. Ra6+ Ke5 41. Ra5+ Ke4 42. Ra4+ Rd4 43. Ra2 f4 44. gxf4 gxf4 45. Kf2 f3 46. d3+ Rxd3 47. Ra4+ Rd4 48. Rxd4+ Kxd4 49. Kxf3 1/2-1/2


[Site "https://www.chess.com"]

[Event "Titled Tuesday Blitz April 4 Early 2023"]
[White "Costachi, Mihnea"]
[Black "Itgelt, Khuyagtsogt"]
[WhiteFideId "1217518"]
[BlackFideId "4902912"]
[WhiteElo "2456"]
[BlackElo "2227"]
[Result "0-1"]
[Round "10"]
[TimeControl "180+2"]
[Date "2023.04.04"]
[WhiteClock "0:00:27"]
[BlackClock "0:00:54"]

1. d4 Nf6 2. c4 g6 3. Nc3 d5 4. Nf3 Bg7 5. h4 h5 6. Bf4 O-O 7. e3 c5 8. dxc5 Ne4 9. Nxe4 dxe4 10. Nd2 Bxb2 11. Rb1 Bc3 12. Qc2 Qa5 13. Rb3 Bg7 14. Be2 Rd8 15. Rb5 Qc3 16. Qd1 Na6 17. Rb3 Qa5 18. Rb5 Qc3 19. Rb3 Qa5 20. Rb5 Qxa2 21. Qc1 Bd7 22. Rxb7 Nxc5 23. Rb1 Bg4 24. f3 exf3 25. gxf3 Rxd2 26. Qxd2 Qxb1+ 27. Qd1 Qxd1+ 28. Kxd1 Bf5 29. e4 Be6 30. Kc2 a5 31. Be3 Na6 32. Kb3 Rb8+ 33. Ka4 Bc3 34. Rc1 Bd7+ 35. Ka3 Bb2+ 36. Ka2 Bxc1 37. Bxc1 Be6 38. Bf4 Rb4 39. Ka3 Nc5 40. Be3 Rb3+ 41. Ka2 Rxe3 0-1


[Site "https://www.chess.com"]

[Event "Titled Tuesday Blitz April 4 Early 2023"]
[White "Adla, Diego"]
[Black "Real_OceanStorm"]
[WhiteFideId "100072"]
[WhiteElo "2377"]
[BlackElo "2816"]
[Result "1-0"]
[Round "10"]
[TimeControl "180+2"]
[Date "2023.04.04"]
[WhiteClock "0:00:50"]
[BlackClock "0:00:02"]

1. e4 d5 2. exd5 Qxd5 3. Nc3 Qd8 4. Bc4 c6 5. Nf3 Nd7 6. Qe2 e6 7. d4 Be7 8. O-O Nb6 9. Bd3 Nf6 10. Rd1 Nbd5 11. Ne4 Nxe4 12. Qxe4 Nf6 13. Qh4 h6 14. a4 Nd5 15. Qg3 Bf6 16. Bd2 a5 17. c4 Ne7 18. Bf4 Qb6 19. Rd2 h5 20. h4 O-O 21. Be5 Bxe5 22. dxe5 Qb4 23. Rad1 Nf5 24. Qg5 Qxa4 25. Qxh5 g6 26. Qg5 b5 27. h5 Ra7 28. Bxf5 exf5 29. Rd8 Bd7 30. R1xd7 Qa1+ 31. Kh2 Rxd7 32. Rxd7 Kg7 33. Qxg6+ Kh8 34. Qh6+ Kg8 35. Ng5 1-0


[Site "https://www.chess.com"]

[Event "Titled Tuesday Blitz April 4 Early 2023"]
[White "Belozerov, Andrei"]
[Black "Narayanan, Srinath"]
[WhiteFideId "4120213"]
[BlackFideId "5018420"]
[WhiteElo "2373"]
[BlackElo "2438"]
[Result "1-0"]
[Round "10"]
[TimeControl "180+2"]
[Date "2023.04.04"]
[WhiteClock "0:01:21"]
[BlackClock "0:00:58"]

1. e4 c6 2. d4 d5 3. Nd2 dxe4 4. Nxe4 Nf6 5. Nxf6+ exf6 6. c3 Bd6 7. Bd3 O-O 8. Qc2 Re8+ 9. Ne2 h5 10. O-O Nd7 11. Nf4 h4 12. Qd1 Nf8 13. Bd2 h3 14. Nxh3 Qc7 15. Qf3 Bxh2+ 16. Kh1 Bd6 17. Rae1 Bd7 18. Nf4 g6 19. Nh5 gxh5 20. Qxf6 Be6 21. Bh6 1-0


[Site "https://www.chess.com"]

[Event "Titled Tuesday Blitz April 4 Early 2023"]
[White "Timofeev, Artyom"]
[Black "Manukyan, Artyom"]
[WhiteFideId "4140419"]
[BlackFideId "13305786"]
[WhiteElo "2586"]
[BlackElo "2078"]
[Result "1-0"]
[Round "10"]
[TimeControl "180+2"]
[Date "2023.04.04"]
[WhiteClock "0:01:01"]
[BlackClock "0:00:11"]

1. c4 e6 2. Nc3 d5 3. d4 Nf6 4. Bg5 c5 5. e3 Nc6 6. cxd5 exd5 7. Nf3 cxd4 8. Nxd4 Nxd4 9. Qxd4 Be7 10. Bb5+ Bd7 11. Bxd7+ Qxd7 12. O-O O-O 13. Bxf6 Bxf6 14. Qxd5 Qxd5 15. Nxd5 Bxb2 16. Rab1 Be5 17. Rxb7 Rfb8 18. Rfb1 Rxb7 19. Rxb7 Kf8 20. f4 Bd6 21. Kf2 Bc5 22. Kf3 Rd8 23. e4 h5 24. a4 g6 25. a5 Kg7 26. h3 h4 27. Kg4 Bf2 28. f5 gxf5+ 29. Kxf5 Rd6 30. Nf4 Rf6+ 31. Kg4 Ra6 32. e5 Bg3 33. e6 Bxf4 34. Rxf7+ Kg6 35. Rxf4 Rxe6 36. Kxh4 Re2 37. g4 Re5 38. Rf5 Re3 39. Rc5 Ra3 40. Rc6+ Kf7 41. Ra6 Kg7 42. Rxa7+ Kg6 43. Ra6+ Kh7 44. g5 Ra4+ 45. Kh5 Kg7 46. Ra7+ Kg8 47. Kg6 1-0


[Site "https://www.chess.com"]

[Event "Titled Tuesday Blitz April 4 Early 2023"]
[White "Danielyan, Vahe"]
[Black "Maksimovic, Bojan"]
[WhiteFideId "13304828"]
[BlackFideId "14408120"]
[WhiteElo "2423"]
[BlackElo "2468"]
[Result "0-1"]
[Round "10"]
[TimeControl "180+2"]
[Date "2023.04.04"]
[WhiteClock "0:00:19"]
[BlackClock "0:00:42"]

1. d4 Nf6 2. c4 g6 3. Nc3 Bg7 4. Nf3 O-O 5. g3 d6 6. Bg2 Nc6 7. d5 Na5 8. b3 c5 9. Bb2 a6 10. O-O Rb8 11. Qc2 b5 12. Nd2 e5 13. e3 Ne8 14. f4 f5 15. Nd1 e4 16. Bxg7 Nxg7 17. Nf2 Qf6 18. Rab1 Bd7 19. g4 fxg4 20. Nfxe4 Qe7 21. Rbe1 Nf5 22. Qc3 Nb7 23. Ng5 h6 24. Ne6 Bxe6 25. dxe6 Nd8 26. e4 Nh4 27. f5 Nc6 28. Qg3 Ne5 29. cxb5 axb5 30. Nb1 gxf5 31. exf5 Nxf5 32. Qf4 Qxe6 33. Nc3 Qg6 34. Be4 Nf3+ 35. Rxf3 gxf3+ 36. Kf2 Qg2# 0-1


[Site "https://www.chess.com"]

[Event "Titled Tuesday Blitz April 4 Early 2023"]
[White "Urazayev, Arystanbek"]
[Black "Fishchuk, Vladyslav"]
[WhiteFideId "13709810"]
[BlackFideId "34122117"]
[WhiteElo "2449"]
[BlackElo "2082"]
[Result "0-1"]
[Round "10"]
[TimeControl "180+2"]
[Date "2023.04.04"]
[WhiteClock "0:00:15"]
[BlackClock "0:01:24"]

1. e4 c5 2. Nf3 Nf6 3. Nc3 d5 4. exd5 Nxd5 5. Bb5+ Bd7 6. Ne5 Bxb5 7. Qf3 f6 8. Nxb5 Na6 9. Nc4 Qd7 10. Nbd6+ exd6 11. Qxd5 Nb4 12. Qe4+ Kf7 13. Ne3 Re8 14. Qc4+ d5 15. Qb3 c4 16. Qc3 d4 17. Qxc4+ Kg6 18. O-O Rc8 19. Qe2 dxe3 20. c3 exf2+ 21. Rxf2 Nd3 22. Rf3 Bc5+ 23. Kf1 Rcd8 24. b4 Bb6 25. Qe4+ Kf7 26. Ba3 Rhe8 27. Qxh7 Qe6 28. Qh5+ Kg8 29. Rh3 Qe1+ 30. Rxe1 Rxe1# 0-1


[Site "https://www.chess.com"]

[Event "Titled Tuesday Blitz April 4 Early 2023"]
[White "Belov, Alexei"]
[Black "Dehtiarov, Roman"]
[WhiteFideId "4128206"]
[BlackFideId "14186640"]
[WhiteElo "2639"]
[BlackElo "2189"]
[Result "0-1"]
[Round "10"]
[TimeControl "180+2"]
[Date "2023.04.04"]
[WhiteClock "0:00:18"]
[BlackClock "0:01:37"]

1. e4 e5 2. Nf3 Nc6 3. Bb5 a6 4. Ba4 Nf6 5. d4 exd4 6. O-O Be7 7. e5 Ne4 8. Nxd4 O-O 9. Nf5 d5 10. Nxe7+ Nxe7 11. c3 Nc5 12. Bc2 Bf5 13. Na3 Ne6 14. Bxf5 Nxf5 15. Qd3 g6 16. Rd1 c6 17. Nc2 h5 18. Ne3 Nfg7 19. Nf1 Qe7 20. Re1 Rad8 21. Nd2 c5 22. Nf3 b5 23. a4 d4 24. axb5 dxc3 25. Qxc3 axb5 26. b3 Nf5 27. h3 Rfe8 28. Ra5 Nfd4 29. Ra6 Nxf3+ 30. Qxf3 Nd4 31. Qg3 Ra8 32. Bg5 Qd7 33. Rd6 Qxd6 34. exd6 Rxe1+ 35. Kh2 Raa1 36. Qf4 Rh1+ 0-1


[Site "https://www.chess.com"]

[Event "Titled Tuesday Blitz April 4 Early 2023"]
[White "Sielecki, Christof"]
[Black "Remizov, Yaroslav"]
[WhiteFideId "4620437"]
[BlackFideId "34134015"]
[WhiteElo "2443"]
[BlackElo "2412"]
[Result "0-1"]
[Round "10"]
[TimeControl "180+2"]
[Date "2023.04.04"]
[WhiteClock "0:02:04"]
[BlackClock "0:01:19"]

1. e4 c6 2. d4 d5 3. exd5 cxd5 4. Bd3 Nc6 5. c3 Nf6 6. h3 g6 7. Nf3 Bf5 8. O-O Bxd3 9. Qxd3 e6 10. Bg5 Be7 11. Nbd2 h6 12. Bxf6 Bxf6 13. Rfe1 Kf8 14. Re2 Kg7 15. Rae1 Qc7 16. Nb3 Rhe8 17. Qd2 b6 18. Nc1 Na5 19. Nd3 Nc4 20. Qc1 Rac8 21. g3 Nd6 22. Kg2 Ne4 23. Nd2 Qb7 24. h4 Bxd4 0-1


[Site "https://www.chess.com"]

[Event "Titled Tuesday Blitz April 4 Early 2023"]
[White "Drori, Saar"]
[Black "Kilic, Eray"]
[WhiteFideId "2812444"]
[BlackFideId "44517173"]
[WhiteElo "2322"]
[BlackElo "2328"]
[Result "1/2-1/2"]
[Round "10"]
[TimeControl "180+2"]
[Date "2023.04.04"]
[WhiteClock "0:00:09"]
[BlackClock "0:00:02"]

1. e4 c5 2. Nc3 Nc6 3. g3 g6 4. Bg2 Bg7 5. d3 d6 6. Be3 Rb8 7. Qd2 Nd4 8. Nd1 b5 9. c3 Nc6 10. Ne2 Bb7 11. O-O e6 12. f4 Nge7 13. g4 f5 14. gxf5 exf5 15. Ng3 O-O 16. Nf2 b4 17. h4 Qa5 18. Rfc1 Rfd8 19. Nh3 bxc3 20. bxc3 Ba6 21. Ng5 Bc8 22. h5 h6 23. Nf3 d5 24. e5 d4 25. cxd4 Qxd2 26. Bxd2 Nxd4 27. Nxd4 Rxd4 28. Rxc5 Rxd3 29. Be1 Be6 30. hxg6 Nxg6 31. Nh5 Bf8 32. Rc7 Be7 33. Rac1 Ra3 34. R1c6 Rb6 35. Rxe6 Rxe6 36. Bd5 Kf7 37. Bxe6+ Kxe6 38. Ng7+ Kd5 39. Nxf5 Bc5+ 40. Bf2 Bxf2+ 41. Kxf2 Nxf4 42. Ne3+ Ke4 43. Rc4+ Kxe5 44. Rc5+ Ke6 45. Rc6+ Kd7 46. Rxh6 Rxa2+ 47. Kf3 Nd3 48. Ke4 Nb4 49. Kd4 a5 50. Kc5 Nd3+ 51. Kb5 a4 52. Nc4 Kc7 53. Rh7+ Kd8 54. Rh8+ Ke7 55. Rh7+ Kf6 56. Rh6+ Kg7 57. Rh3 Nf4 58. Ra3 Rg2 59. Kxa4 Rg6 60. Ne5 Ra6+ 61. Kb3 Rb6+ 62. Kc4 Rb7 63. Rf3 Ne6 64. Rg3+ Kf6 65. Nd3 Rc7+ 66. Kd5 Rd7+ 67. Ke4 Rd4+ 68. Ke3 Ra4 69. Rg1 Ra3 70. Rf1+ Ke7 71. Rb1 Nc5 72. Rd1 Ke6 73. Kd4 Rxd3+ 74. Rxd3 Nxd3 1/2-1/2


[Site "https://www.chess.com"]

[Event "Titled Tuesday Blitz April 4 Early 2023"]
[White "Wagner, Dennis"]
[Black "TimGrutter03"]
[WhiteFideId "24650684"]
[WhiteElo "2470"]
[BlackElo "2574"]
[Result "0-1"]
[Round "10"]
[TimeControl "180+2"]
[Date "2023.04.04"]
[WhiteClock "0:00:06"]
[BlackClock "0:00:16"]

1. d4 g6 2. e4 Bg7 3. Nc3 d6 4. Be3 a6 5. g4 b5 6. Bg2 Bb7 7. h4 h6 8. a3 Nd7 9. Qd2 Rc8 10. Nge2 c5 11. dxc5 Nxc5 12. O-O-O Nf6 13. f3 Nfd7 14. g5 h5 15. f4 Nb6 16. Bd4 Nc4 17. Qe1 Bxd4 18. Nxd4 Qa5 19. Nd5 Qd8 20. f5 Ne5 21. f6 Ncd3+ 22. Kb1 Nxe1 23. fxe7 Qa5 24. Nb3 Qa4 25. Nf6+ Kxe7 26. Rhxe1 Rxc2 27. Kxc2 Rc8+ 28. Kb1 Qxb3 29. Rc1 Qg3 30. Ka2 Qxg2 31. Rxc8 Bxc8 32. Nd5+ Kf8 33. Rc1 Be6 34. Ka1 Bxd5 35. exd5 Qxd5 36. Rc8+ Kg7 37. Rc1 Qb3 38. Rb1 Nc4 0-1


[Site "https://www.chess.com"]

[Event "Titled Tuesday Blitz April 4 Early 2023"]
[White "Buksa, Nataliya"]
[Black "Rohith Krishna S"]
[WhiteFideId "14123622"]
[BlackFideId "46617051"]
[WhiteElo "2316"]
[BlackElo "2270"]
[Result "0-1"]
[Round "10"]
[TimeControl "180+2"]
[Date "2023.04.04"]
[WhiteClock "0:00:02"]
[BlackClock "0:00:19"]

1. d4 Nf6 2. Nc3 d5 3. Bf4 c6 4. e3 e6 5. Nf3 Bd6 6. Bd3 O-O 7. Qd2 Bxf4 8. exf4 c5 9. dxc5 Nbd7 10. Na4 Qc7 11. b4 b6 12. O-O bxc5 13. bxc5 Bb7 14. Rab1 Bc6 15. Bb5 Ne4 16. Qe3 Rab8 17. Nd4 Bxb5 18. Nxb5 Qa5 19. Nbc3 Ndxc5 20. Nxc5 Nxc5 21. g3 Rb6 22. f5 Rfb8 23. Rxb6 axb6 24. Rb1 Rd8 25. fxe6 fxe6 26. Qg5 Rf8 27. Qe5 h6 28. Rb5 Qa7 29. Qd6 Qf7 30. f4 Qf6 31. Qe5 Qg6 32. Rxb6 Qxc2 33. Rc6 Nd3 34. Qxe6+ Kh8 35. Qe2 Qc1+ 36. Kg2 Nxf4+ 37. gxf4 d4 38. Qd1 Qxf4 39. Nd5 Qe4+ 40. Kg1 Qxd5 41. Rc2 d3 42. Rd2 Qd4+ 43. Kh1 Qe4+ 44. Kg1 Qe3+ 45. Kh1 Qh3 46. Kg1 Qe3+ 47. Kh1 Rf3 48. a4 Qe4 49. Kg1 Qf4 50. a5 Qg4+ 51. Kh1 Qf4 52. Kg1 Re3 53. a6 Qg5+ 54. Kh1 Qd5+ 55. Kg1 Qc5 56. Kh1 Qc6+ 57. Kg1 Qxa6 58. Qg4 Qa1+ 59. Kg2 Qa8+ 60. Kg1 Qe8 61. Kf2 Re4 62. Qf3 Re7 63. Qxd3 Rf7+ 64. Kg2 Rf8 65. Qd7 Qg6+ 66. Kh3 Rf3+ 67. Kh4 Qg5# 0-1


[Site "https://www.chess.com"]

[Event "Titled Tuesday Blitz April 4 Early 2023"]
[White "Cherniaiev, Tykhon"]
[Black "Ibadov, Dashgyn"]
[WhiteFideId "14182360"]
[BlackFideId "24107514"]
[WhiteElo "2450"]
[BlackElo "2208"]
[Result "1-0"]
[Round "10"]
[TimeControl "180+2"]
[Date "2023.04.04"]
[WhiteClock "0:00:07"]
[BlackClock "0:00:01"]

1. Nf3 d5 2. d4 Nf6 3. c4 e6 4. Nc3 c6 5. cxd5 exd5 6. Bg5 Be7 7. e3 Bf5 8. Bd3 Bxd3 9. Qxd3 Nbd7 10. O-O O-O 11. Bf4 Re8 12. a3 Nh5 13. Bg3 Nxg3 14. hxg3 Bd6 15. b4 a6 16. Rab1 b5 17. Rfc1 Nb6 18. a4 Nc4 19. axb5 axb5 20. e4 dxe4 21. Nxe4 Ra3 22. Rc3 Rxc3 23. Nxc3 g6 24. d5 Bf8 25. Nd4 cxd5 26. Ndxb5 Nb6 27. Nd4 Bg7 28. Rd1 h5 29. Nf3 Qd6 30. Qb5 Rd8 31. Ne4 Qb8 32. Nc5 d4 33. Nb3 Nd5 34. Qxb8 Rxb8 35. Nbxd4 Rxb4 36. Nc6 Rc4 37. Nfe5 Rc5 38. Rxd5 Rxd5 39. Ne7+ Kh7 40. Nxd5 Bxe5 41. Kh2 Kg7 42. Kh3 g5 43. g4 hxg4+ 44. Kxg4 Kg6 45. Ne7+ Kf6 46. Nf5 Kg6 47. g3 f6 48. Ne7+ Kf7 49. Nc6 Ke6 50. Nb4 Bc3 51. Nd3 Be5 52. Kf3 Kf5 53. g4+ Ke6 54. Ke4 Bd6 55. f3 Be7 56. Nf2 Bd6 57. Nd1 Be7 58. Ne3 Bd6 59. Nf5 Bf8 60. Nd4+ Kd6 61. Kf5 Be7 62. Ne6 Kd5 63. Ng7 Kd4 64. Nh5 Ke3 65. Nxf6 Kxf3 66. Nh7 Bd8 67. Nxg5+ Kg3 68. Ne6 Be7 69. Nf4 Kf3 70. Nh5 1-0


[Site "https://www.chess.com"]

[Event "Titled Tuesday Blitz April 4 Early 2023"]
[White "Ljukin, Sergei"]
[Black "Thomforde-Toates, Noah"]
[WhiteFideId "14102200"]
[BlackFideId "30951992"]
[WhiteElo "2312"]
[BlackElo "2697"]
[Result "1/2-1/2"]
[Round "10"]
[TimeControl "180+2"]
[Date "2023.04.04"]
[WhiteClock "0:00:14"]
[BlackClock "0:00:25"]

1. e4 c5 2. Nf3 g6 3. c4 Bg7 4. d4 cxd4 5. Nxd4 Nc6 6. Be3 Nf6 7. Nc3 Ng4 8. Qxg4 Nxd4 9. Qd1 e5 10. Qd2 O-O 11. O-O-O d6 12. Nb5 Nxb5 13. cxb5 Be6 14. Kb1 Rc8 15. Be2 Bc4 16. Bxc4 Rxc4 17. Qxd6 Qa5 18. Qd5 Rb4 19. Bd2 Qa4 20. Bxb4 Qxb4 21. Rc1 Bf6 22. Rc7 Bd8 23. a3 Qa5 24. Rxb7 Bb6 25. Rc1 Bd4 26. Rbc7 Qd2 27. R1c2 Qd1+ 28. Ka2 Kg7 29. g3 Qf3 30. Re7 Qf6 31. Rcc7 Qxf2 32. Qb3 Qf1 33. g4 h6 34. h4 Qf4 35. g5 hxg5 36. hxg5 Qf1 37. a4 Qf4 38. a5 Qf1 39. Qc4 Qf2 40. Qb3 Qf1 41. Rb7 Qf2 42. Rbc7 Qf1 1/2-1/2


[Site "https://www.chess.com"]

[Event "Titled Tuesday Blitz April 4 Early 2023"]
[White "Prohaszka, Peter"]
[Black "Namitbir Singh Walia"]
[WhiteFideId "726265"]
[BlackFideId "35071068"]
[WhiteElo "2626"]
[BlackElo "2239"]
[Result "1-0"]
[Round "10"]
[TimeControl "180+2"]
[Date "2023.04.04"]
[WhiteClock "0:00:06"]
[BlackClock "0:00:02"]

1. d4 Nf6 2. Bf4 d5 3. Nc3 Bf5 4. Nf3 e6 5. e3 c6 6. Ne5 h5 7. h3 Nbd7 8. Rg1 Nxe5 9. Bxe5 Ne4 10. Nxe4 Bxe4 11. c3 Qb6 12. Qb3 f6 13. Bh2 Be7 14. Be2 Bg6 15. Kd2 c5 16. Qxb6 axb6 17. Bb5+ Kf7 18. Bc7 Bd8 19. Bxd8 Rhxd8 20. a4 c4 21. Ra3 Rdc8 22. b3 Bd3 23. Rga1 g5 24. R1a2 Ke7 25. Rb2 Bf1 26. bxc4 dxc4 27. g3 Bxh3 28. Ra1 Bg2 29. Rb4 Bd5 30. e4 Bxe4 31. Bxc4 Rc6 32. Re1 Bf5 33. Bb3 Rac8 34. Re3 h4 35. gxh4 gxh4 36. Rb5 Kd7 37. Bc2 Bxc2 38. Kxc2 Rh8 39. Rh3 Kc7 40. Rb1 Rc4 41. Kb3 Rc6 42. Rbh1 Rd6 43. Rxh4 Rxh4 44. Rxh4 Rd5 45. Rh7+ Kc6 46. Re7 Rf5 47. Rxe6+ Kc7 48. Re7+ Kc6 49. Re6+ Kc7 50. Re2 Kc6 51. Kc4 Rf3 52. Re6+ Kc7 53. Re7+ Kc6 54. d5+ Kd6 55. Re6+ Kc7 56. Re2 Rf4+ 57. Kb5 Rf3 58. Kb4 Kd7 59. c4 f5 60. Ra2 f4 61. a5 bxa5+ 62. Kxa5 Rb3 63. Ka4 Rc3 64. Kb4 Rc1 65. Kc5 Rb1 66. Re2 Rb3 67. Re4 f3 68. Rf4 Kc7 69. Rf7+ Kd8 70. Kd6 Ke8 71. Rf4 Rc3 72. c5 Kd8 73. Rf8# 1-0


[Site "https://www.chess.com"]

[Event "Titled Tuesday Blitz April 4 Early 2023"]
[White "Matinian, Nikita"]
[Black "Becerra, Juan David"]
[WhiteFideId "24129100"]
[BlackFideId "4404998"]
[WhiteElo "2422"]
[BlackElo "2276"]
[Result "1-0"]
[Round "10"]
[TimeControl "180+2"]
[Date "2023.04.04"]
[WhiteClock "0:00:42"]
[BlackClock "0:00:14"]

1. e4 e5 2. Nf3 Nc6 3. Bb5 f5 4. Nc3 fxe4 5. Nxe4 Nf6 6. Qe2 Be7 7. Nxf6+ Bxf6 8. d4 O-O 9. Bxc6 dxc6 10. dxe5 Re8 11. O-O Qd5 12. Rd1 Qf7 13. h3 h6 14. b3 Qg6 15. Qc4+ Be6 16. Qf4 Bxh3 17. Qg3 Qxc2 18. Bxh6 Rad8 19. Rxd8 Rxd8 20. exf6 Rd1+ 21. Rxd1 Qxd1+ 22. Kh2 1-0


[Site "https://www.chess.com"]

[Event "Titled Tuesday Blitz April 4 Early 2023"]
[White "Devaev, Alexander"]
[Black "Jessel, Stephen"]
[WhiteFideId "4169395"]
[BlackFideId "628859"]
[WhiteElo "2204"]
[BlackElo "2268"]
[Result "0-1"]
[Round "10"]
[TimeControl "180+2"]
[Date "2023.04.04"]
[WhiteClock "0:00:04"]
[BlackClock "0:00:54"]

1. d4 e6 2. c4 b6 3. a3 Bb7 4. Nc3 f5 5. Nf3 Nf6 6. g3 Ne4 7. Bd2 Nc6 8. Bg2 Nxd4 9. O-O Nxd2 10. Nxd2 Bxg2 11. Kxg2 Be7 12. e3 Nc6 13. Nf3 O-O 14. Qc2 Qc8 15. Rad1 Rd8 16. h4 Qb7 17. Kg1 Na5 18. Nd2 c5 19. e4 f4 20. Nf3 fxg3 21. fxg3 Nxc4 22. Rde1 Rf8 23. Rf2 Qc7 24. Kg2 a6 25. Ree2 b5 26. e5 Qc6 27. Ne4 h6 28. h5 Rf5 29. g4 Rf4 30. Kg3 Rf7 31. g5 Raf8 32. g6 Rf5 33. Ned2 Nxd2 34. Nxd2 Rg5+ 35. Kh3 Rxh5+ 36. Kg4 Rg5+ 37. Kh3 Qh1+ 38. Rh2 Rf3+ 39. Nxf3 Qxf3+ 40. Kh4 Qg4# 0-1


[Site "https://www.chess.com"]

[Event "Titled Tuesday Blitz April 4 Early 2023"]
[White "Mazurkiewicz, Michal"]
[Black "Shuvalova, Polina"]
[WhiteFideId "1124943"]
[BlackFideId "24171760"]
[WhiteElo "2054"]
[BlackElo "2281"]
[Result "0-1"]
[Round "10"]
[TimeControl "180+2"]
[Date "2023.04.04"]
[WhiteClock "0:00:10"]
[BlackClock "0:00:36"]

1. e4 c6 2. d3 d5 3. Nd2 e5 4. Ngf3 Bd6 5. d4 exd4 6. exd5 Nf6 7. dxc6 Nxc6 8. Nb3 Bg4 9. Be2 O-O 10. h3 Bxf3 11. Bxf3 Re8+ 12. Kf1 Ne4 13. Nxd4 Nxf2 14. Nxc6 Nxd1 15. Nxd8 Bg3 16. Bd2 Raxd8 17. Ba5 Ne3+ 18. Kg1 b6 19. Be1 Nxc2 20. Bxg3 Nxa1 21. Kh2 Nc2 22. Rc1 Nd4 23. Bb7 Ne2 24. Rc7 Nxg3 25. Kxg3 Kf8 26. Ba6 Re7 27. Rc2 g6 28. Bc4 Kg7 29. b3 h5 30. Rf2 f5 31. h4 Rd4 32. Kh3 Re3+ 33. g3 f4 34. Rg2 Rxg3+ 35. Rxg3 fxg3 36. Kxg3 Rg4+ 37. Kh3 Kf6 38. Ba6 Rd4 39. Kg3 g5 40. hxg5+ Kxg5 41. Bc8 h4+ 42. Kf3 Rd8 43. Bb7 Rd2 44. a4 h3 45. Ke3 Rb2 46. Bd5 h2 47. Kd4 Rd2+ 0-1


[Site "https://www.chess.com"]

[Event "Titled Tuesday Blitz April 4 Early 2023"]
[White "Xiong, Jeffery"]
[Black "Kleiman, Jake"]
[WhiteFideId "2047640"]
[BlackFideId "2020041"]
[WhiteElo "2726"]
[BlackElo "2616"]
[Result "1/2-1/2"]
[Round "10"]
[TimeControl "180+2"]
[Date "2023.04.04"]
[WhiteClock "0:02:14"]
[BlackClock "0:00:38"]

1. e4 e5 2. Nf3 Nc6 3. Nc3 Nf6 4. d4 exd4 5. Nxd4 Bb4 6. Nxc6 bxc6 7. Bd3 O-O 8. O-O d5 9. exd5 cxd5 10. h3 h6 11. Qf3 Be6 12. Bf4 Bd6 13. Nb5 Bxf4 14. Qxf4 c6 15. Nd4 Bd7 16. b4 a5 17. a3 Qb8 18. Qxb8 Rfxb8 19. c3 Kf8 20. f3 Ke7 21. Nb3 axb4 22. axb4 Kd6 23. Kf2 Ne8 24. Ke3 Nc7 25. Nd4 g6 26. Rfe1 Rxa1 27. Rxa1 Ra8 28. Rxa8 Nxa8 29. Nb3 Nc7 30. Nc5 Bc8 31. Kd4 Ne6+ 32. Nxe6 Bxe6 33. f4 Bd7 34. g4 Bc8 35. Bc2 g5 36. f5 Ba6 37. Bd1 Bf1 38. Bf3 Bxh3 39. c4 dxc4 40. Kxc4 f6 41. Kd4 Bf1 42. Bd1 Ba6 43. Bf3 Bc8 44. Bd1 Bd7 45. Bf3 Be8 46. Be2 Bf7 47. Bf3 Bb3 48. Be2 Bd5 49. Bd1 Ba2 50. Bf3 Bb3 51. Be2 Bc2 52. Bf3 Bb3 1/2-1/2


[Site "https://www.chess.com"]

[Event "Titled Tuesday Blitz April 4 Early 2023"]
[White "Vakhlamov, Igor L."]
[Black "Ehlvest, Jaan"]
[WhiteFideId "24126748"]
[BlackFideId "4500016"]
[WhiteElo "2400"]
[BlackElo "2442"]
[Result "1-0"]
[Round "10"]
[TimeControl "180+2"]
[Date "2023.04.04"]
[WhiteClock "0:00:58"]
[BlackClock "0:00:43"]

1. e4 c5 2. Nf3 Nc6 3. Nc3 g6 4. d4 cxd4 5. Nxd4 Bg7 6. Nxc6 bxc6 7. Bc4 Qa5 8. Bd2 Qc7 9. O-O Nf6 10. Re1 d6 11. h3 O-O 12. Bg5 a5 13. Qd2 a4 14. Rad1 Re8 15. b3 axb3 16. axb3 Nd7 17. Bh6 Bh8 18. f4 Qa5 19. e5 dxe5 20. f5 Nf6 21. fxg6 hxg6 22. Qg5 e6 23. Ne4 Nxe4 24. Rxe4 Ba6 25. Rh4 Qc5+ 26. Kh1 Qe7 27. Qxe7 Rxe7 28. Bxa6 Bf6 29. Ra4 g5 30. Rf1 1-0


[Site "https://www.chess.com"]